MLB
SAN DIEGO PADRES @ COLORADO ROCKIES
08/16/2047
 
TOP OF THE 1ST
San Diego Padres batting - Pitching for Colorado Rockies : RHP Sean Parks
Pitching: RHP Sean Parks
Batting: LHB Ryan Flynn Jr. 0-0: Called Strike
0-1: Ground out 4-3 (Groundball, 4, EV 83.1 MPH)
Batting: SHB Phil Zacharia 0-0: Ball
1-0: Ground out 1-3 (Groundball, 13S, EV 61.9 MPH)
Batting: RHB Sébastien Piat 0-0: Ball
1-0: Swinging Strike
1-1: Swinging Strike
1-2: Ball
2-2: Ball
3-2: Strikes out swinging
Top of the 1st over - 0 runs, 0 hits, 0 errors, 0 left on base; San Diego 0 - Colorado 0
BOTTOM OF THE 1ST
Colorado Rockies batting - Pitching for San Diego Padres : RHP Troy Baker
Pitching: RHP Troy Baker
Batting: LHB Freddy Troncoso 0-0: Ball
1-0: Bunt for hit to 2L - play at first, batter OUT! 2-3
Batting: SHB Eddie Quinones 0-0: Called Strike
0-1: Ball
1-1: Foul Ball, location: 2F
1-2: Ball
2-2: Fly out, F9 (Line Drive, 9LM, EV 107.5 MPH)
Batting: RHB Joel Haycock 0-0: Ball
1-0: Called Strike
1-1: SINGLE (Groundball, 34D, EV 96.9 MPH)
Batting: RHB Jason Andrews 0-0: Ball
1-0: Ball
2-0: Ball
3-0: Base on Balls
Joel Haycock to second
Batting: SHB Billy Encinias 0-0: Fielders Choice at 2nd, U6 (Groundball, 6M, EV 86.9 MPH)
Bottom of the 1st over - 0 runs, 1 hit, 0 errors, 2 left on base; San Diego 0 - Colorado 0
TOP OF THE 2ND
San Diego Padres batting - Pitching for Colorado Rockies : RHP Sean Parks
Batting: SHB Jerry Luckwell 0-0: Called Strike
0-1: Swinging Strike
0-2: Strikes out looking
Batting: RHB Jorge Severiano 0-0: Ball
1-0: Foul Ball, location: 2F
1-1: Ball
2-1: Called Strike
2-2: Strikes out looking
Batting: RHB Manny Vergara 0-0: Ball
1-0: Ball
2-0: Called Strike
2-1: Swinging Strike
2-2: Ball
3-2: DOUBLE (Line Drive, 78D, EV 100.6 MPH)
Batting: LHB Aaron LeBlanc 0-0: Called Strike
0-1: Ball
1-1: Ball
2-1: Called Strike
2-2: Ball
3-2: DOUBLE (Groundball, 5L, EV 107.5 MPH)
Manny Vergara scores
Batting: RHB Dietmar Warmisch 0-0: Called Strike
0-1: Foul Ball, location: 2F
0-2: Ball
1-2: 2-RUN HOME RUN (Flyball, 8LXD, EV 116.2 MPH), Distance : 436 ft
Batting: SHB Quido van Erp 0-0: Foul Ball, location: 2F
0-1: Ball
1-1: Called Strike
1-2: Strikes out looking
Top of the 2nd over - 3 runs, 3 hits, 0 errors, 0 left on base; San Diego 3 - Colorado 0
BOTTOM OF THE 2ND
Colorado Rockies batting - Pitching for San Diego Padres : RHP Troy Baker
Batting: SHB Chris Blue 0-0: Ball
1-0: Called Strike
1-1: Foul Ball, location: 2F
1-2: Ball
2-2: Ground out 6-3 (Groundball, 6, EV 80.0 MPH)
Batting: LHB Robert Watson 0-0: Ball
1-0: SINGLE (Flyball, 7LS, EV 86.2 MPH)
Batting: RHB Sterling Acosta 0-0: Ball
1-0: Ball
2-0: Called Strike
2-1: Ball
3-1: Base on Balls
Robert Watson to second
Batting: RHB Eduardo Camacho 0-0: SINGLE (Line Drive, 7S, EV 97.5 MPH)
Robert Watson to third
Sterling Acosta to second
Runner from 3rd tries for Home, throw by LF and OUT! 7-2
Batting: LHB Freddy Troncoso 0-0: Called Strike
0-1: Foul Ball, location: 2F
0-2: Ball
1-2: Foul Ball, location: 2F
1-2: Strikes out swinging
Bottom of the 2nd over - 0 runs, 2 hits, 0 errors, 2 left on base; San Diego 3 - Colorado 0
TOP OF THE 3RD
San Diego Padres batting - Pitching for Colorado Rockies : RHP Sean Parks
Batting: LHB Ryan Flynn Jr. 0-0: Called Strike
0-1: Ground out 5-3 (Groundball, P, EV 85.6 MPH)
Batting: SHB Phil Zacharia 0-0: Ball
1-0: Called Strike
1-1: Ground out 4-3 (Groundball, 4S, EV 73.1 MPH)
Batting: RHB Sébastien Piat 0-0: Ball
1-0: Ball
2-0: Ball
3-0: Called Strike
3-1: Called Strike
3-2: DOUBLE (Line Drive, 9LM, EV 88.1 MPH)
Batting: SHB Jerry Luckwell 0-0: Ball
1-0: Fly out, F2 (Popup, 25F, EV 86.9 MPH)
Top of the 3rd over - 0 runs, 1 hit, 0 errors, 1 left on base; San Diego 3 - Colorado 0
BOTTOM OF THE 3RD
Colorado Rockies batting - Pitching for San Diego Padres : RHP Troy Baker
Batting: SHB Eddie Quinones 0-0: Swinging Strike
0-1: Foul Ball, location: 2F
0-2: SINGLE (Groundball, 34D, EV 93.8 MPH)
Batting: RHB Joel Haycock 0-0: Ball
1-0: Ball
Eddie Quinones steals 2nd base
2-0: Called Strike
2-1: Foul Ball, location: 2F
2-2: Ground out 5-3 (Groundball, 5L, EV 83.8 MPH)
Batting: RHB Jason Andrews 0-0: Ball
1-0: Foul Ball, location: 2F
1-1: Ball
2-1: SINGLE (Flyball, 56D, EV 87.5 MPH)
Eddie Quinones to third
Batting: SHB Billy Encinias 0-0: Ball
1-0: Ball
2-0: Ball
3-0: Base on Balls
Jason Andrews to second
Batting: SHB Chris Blue 0-0: Ball
1-0: Called Strike
1-1: Ball
2-1: SINGLE (Groundball, 4M, EV 96.9 MPH) (infield hit)
Eddie Quinones scores
Jason Andrews to third
Billy Encinias to second
Batting: LHB Robert Watson 0-0: Foul Ball, location: 2F
0-1: Ball
1-1: TRIPLE (Flyball, 78XD, EV 105.6 MPH)
Jason Andrews scores
Billy Encinias scores
Chris Blue scores
Batting: RHB Sterling Acosta 0-0: Called Strike
0-1: Fly out, F8 (Flyball, 8LXD, EV 108.8 MPH)
Runner from 3rd tags up, SCORES, no throw by CF
Batting: RHB Eduardo Camacho 0-0: Called Strike
0-1: Swinging Strike
0-2: Strikes out looking
Bottom of the 3rd over - 5 runs, 4 hits, 0 errors, 0 left on base; San Diego 3 - Colorado 5
TOP OF THE 4TH
San Diego Padres batting - Pitching for Colorado Rockies : RHP Sean Parks
Batting: RHB Jorge Severiano 0-0: Foul Ball, location: 2F
0-1: Swinging Strike
0-2: Strikes out swinging
Batting: RHB Manny Vergara 0-0: Ball
1-0: Ball
2-0: Ball
3-0: Called Strike
3-1: Base on Balls
Batting: LHB Aaron LeBlanc 0-0: Called Strike
0-1: Called Strike
0-2: Strikes out swinging
Batting: RHB Dietmar Warmisch 0-0: Called Strike
0-1: Ball
1-1: Ball
2-1: Ball
3-1: Called Strike
3-2: Base on Balls
Manny Vergara to second
Batting: SHB Quido van Erp 0-0: Ball
1-0: Swinging Strike
1-1: Ball
2-1: Called Strike
2-2: Strikes out swinging
Top of the 4th over - 0 runs, 0 hits, 0 errors, 2 left on base; San Diego 3 - Colorado 5
BOTTOM OF THE 4TH
Colorado Rockies batting - Pitching for San Diego Padres : RHP Troy Baker
Batting: LHB Freddy Troncoso 0-0: Ball
1-0: Ball
2-0: Ball
3-0: Called Strike
3-1: Foul Ball, location: 2F
3-2: Foul Ball, location: 2F
3-2: Base on Balls
Pitching: LHP Ryan Tatum
Batting: SHB Eddie Quinones 0-0: Called Strike
0-1: DOUBLE (Line Drive, 89D, EV 113.1 MPH)
Freddy Troncoso to third
Batting: RHB Joel Haycock 0-0: Called Strike
0-1: SINGLE (Line Drive, 9S, EV 100.6 MPH)
Freddy Troncoso scores
Eddie Quinones to third
Batting: RHB Jason Andrews 0-0: Ball
1-0: Called Strike
1-1: SINGLE (Groundball, 4MD, EV 105.0 MPH)
Eddie Quinones scores
Joel Haycock to second
Batting: SHB Billy Encinias 0-0: Foul Ball, location: 2F
0-1: DOUBLE (Groundball, 5L, EV 104.4 MPH)
Joel Haycock scores
Jason Andrews to third
Runner from 3rd tries for Home, SAFE, no throw by LF
Pitching: RHP Bryce Cleavinger
Batting: SHB Chris Blue 0-0: Ball
1-0: Called Strike
1-1: Ground out 5-3 (Groundball, 56, EV 88.8 MPH)
Batting: LHB Robert Watson 0-0: Called Strike
0-1: Ball
1-1: Foul Ball, location: 2F
1-2: Foul Ball, location: 2F
1-2: Fly out, F6 (Popup, 6M, EV 53.8 MPH)
Batting: RHB Sterling Acosta 0-0: Ground out 4-3 (Groundball, 4, EV 82.5 MPH)
Bottom of the 4th over - 4 runs, 4 hits, 0 errors, 1 left on base; San Diego 3 - Colorado 9
TOP OF THE 5TH
San Diego Padres batting - Pitching for Colorado Rockies : RHP Sean Parks
Batting: LHB Ryan Flynn Jr. 0-0: Foul Ball, location: 2F
0-1: Called Strike
0-2: Ball
1-2: Foul Ball, location: 2F
1-2: Ball
2-2: Ball
3-2: Foul Ball, location: 2F
3-2: Ground out U3 (Groundball, 3, EV 78.1 MPH)
Batting: SHB Phil Zacharia 0-0: Ball
1-0: Foul Ball, location: 2F
1-1: Foul Ball, location: 2F
1-2: Fly out, F2 (Popup, 15S, EV 95.6 MPH)
Batting: RHB Sébastien Piat 0-0: Ball
1-0: Ball
2-0: Ball
3-0: Called Strike
3-1: Base on Balls
Batting: SHB Jerry Luckwell 0-0: Called Strike
0-1: SINGLE (Groundball, 23, EV 68.8 MPH) (infield hit)
Sébastien Piat to second
Batting: RHB Jorge Severiano 0-0: Called Strike
0-1: Fly out, F8 (Flyball, 8RM, EV 95.6 MPH)
Top of the 5th over - 0 runs, 1 hit, 0 errors, 2 left on base; San Diego 3 - Colorado 9
BOTTOM OF THE 5TH
Colorado Rockies batting - Pitching for San Diego Padres : RHP Bryce Cleavinger
Batting: RHB Eduardo Camacho 0-0: Ball
1-0: Foul Ball, location: 2F
1-1: Called Strike
1-2: Strikes out swinging
Batting: LHB Freddy Troncoso 0-0: Foul Ball, location: 2F
0-1: Called Strike
0-2: Ball
1-2: Strikes out swinging
Batting: SHB Eddie Quinones 0-0: Ball
1-0: Ball
2-0: Ball
3-0: Base on Balls
Batting: RHB Joel Haycock 0-0: Ball
1-0: SINGLE (Line Drive, 89S, EV 110.0 MPH)
Eddie Quinones to second
Runner from 2nd tries for 3rd, SAFE, throw by RF made to third
Batting: RHB Jason Andrews 0-0: Fly out, F7 (Flyball, 78M, EV 66.2 MPH)
Bottom of the 5th over - 0 runs, 1 hit, 0 errors, 2 left on base; San Diego 3 - Colorado 9
TOP OF THE 6TH
San Diego Padres batting - Pitching for Colorado Rockies : RHP Sean Parks
Batting: RHB Manny Vergara 0-0: Ball
1-0: Foul Ball, location: 2F
1-1: Ball
2-1: Called Strike
2-2: Ground out 6-3 (Groundball, 56, EV 88.1 MPH)
Batting: LHB Aaron LeBlanc 0-0: Ball
1-0: Called Strike
1-1: Ball
2-1: SINGLE (Groundball, 34D, EV 96.2 MPH)
Pitching: RHP Victor Walshe
Batting: RHB Dietmar Warmisch 0-0: Ball
1-0: Foul Ball, location: 2F
1-1: Called Strike
1-2: Strikes out swinging
Batting: SHB Quido van Erp 0-0: Called Strike
0-1: Called Strike
0-2: Ball
1-2: Hit by Pitch
Aaron LeBlanc to second
Batting: LHB Ryan Flynn Jr. 0-0: Ball
1-0: SINGLE (Groundball, 4MD, EV 102.5 MPH)
Aaron LeBlanc to third
Quido van Erp to second
Runner from 3rd tries for Home, SAFE, throw by CF to home
Batting: SHB Phil Zacharia 0-0: Called Strike
0-1: Ball
1-1: Ball
2-1: Ball
3-1: Base on Balls
Quido van Erp to third
Ryan Flynn Jr. to second
Batting: RHB Sébastien Piat 0-0: Called Strike
0-1: Called Strike
0-2: Ball
1-2: Foul Ball, location: 2F
1-2: Ball
2-2: Foul Ball, location: 2F
2-2: Foul Ball, location: 2F
2-2: Ground out 4-3 (Groundball, 4, EV 85.6 MPH)
Top of the 6th over - 1 run, 2 hits, 0 errors, 3 left on base; San Diego 4 - Colorado 9
BOTTOM OF THE 6TH
Colorado Rockies batting - Pitching for San Diego Padres : RHP Bryce Cleavinger
Batting: SHB Billy Encinias 0-0: Ball
1-0: Ball
2-0: Swinging Strike
2-1: Swinging Strike
2-2: Foul Ball, location: 2F
2-2: Ball
3-2: Ground out 4-3 (Groundball, 34D, EV 98.8 MPH)
Batting: SHB Chris Blue 0-0: SINGLE (Groundball, 4M, EV 101.2 MPH) (infield hit)
Batting: LHB Robert Watson 0-0: Foul Ball, location: 2F
0-1: Hit by Pitch
Chris Blue to second
Batting: RHB Sterling Acosta 0-0: Ball
1-0: Ball
2-0: SINGLE (Flyball, 34D, EV 81.9 MPH)
Chris Blue to third
Robert Watson to second
Batting: RHB Eduardo Camacho 0-0: Called Strike
0-1: SINGLE (Groundball, 6MD, EV 94.4 MPH)
Chris Blue scores
Robert Watson to third
Sterling Acosta to second
Batting: LHB Freddy Troncoso 0-0: Fly out, F8 (Line Drive, 8LM, EV 96.2 MPH)
Runner from 3rd tags up, SCORES, throw by CF
Sterling Acosta to third
Batting: SHB Eddie Quinones 0-0: Called Strike
0-1: Ball
1-1: Foul Ball, location: 2F
1-2: Strikes out looking
Bottom of the 6th over - 2 runs, 3 hits, 0 errors, 2 left on base; San Diego 4 - Colorado 11
TOP OF THE 7TH
San Diego Padres batting - Pitching for Colorado Rockies : RHP Victor Walshe
Pinch Hitting: RHB Rodolfo Rivera 0-0: Called Strike
0-1: Swinging Strike
0-2: Ball
1-2: Ball
2-2: Strikes out swinging
Batting: RHB Jorge Severiano 0-0: Ball
1-0: Ball
2-0: Called Strike
2-1: Ball
3-1: DOUBLE (Line Drive, 9LD, EV 110.6 MPH)
Batting: RHB Manny Vergara 0-0: Ball
1-0: SINGLE (Flyball, 8RS, EV 99.4 MPH)
Jorge Severiano to third
Runner from 3rd tries for Home, SAFE, throw by CF to home
Pitching: LHP Randy Rowland
Batting: LHB Aaron LeBlanc 0-0: Called Strike
0-1: Ball
1-1: Called Strike
1-2: Ball
2-2: Strikes out swinging
Batting: RHB Dietmar Warmisch 0-0: Called Strike
0-1: Swinging Strike
0-2: Strikes out swinging
Top of the 7th over - 1 run, 2 hits, 0 errors, 1 left on base; San Diego 5 - Colorado 11
BOTTOM OF THE 7TH
Colorado Rockies batting - Pitching for San Diego Padres : RHP Bryce Cleavinger
Now at SS: Rodolfo Rivera
Batting: RHB Joel Haycock 0-0: Ball
1-0: Called Strike
1-1: Foul Ball, location: 2F
1-2: Ball
2-2: Strikes out looking
Batting: RHB Jason Andrews 0-0: Called Strike
0-1: Ball
1-1: Called Strike
1-2: Strikes out looking
Batting: SHB Billy Encinias 0-0: Ball
1-0: Ground out 6-3 (Groundball, 4M, EV 103.8 MPH)
Bottom of the 7th over - 0 runs, 0 hits, 0 errors, 0 left on base; San Diego 5 - Colorado 11
TOP OF THE 8TH
San Diego Padres batting - Pitching for Colorado Rockies : LHP Randy Rowland
Batting: SHB Quido van Erp 0-0: Foul Ball, location: 2F
0-1: Ball
1-1: Ball
2-1: Ground out 1-3 (Groundball, 15S, EV 72.5 MPH)
Batting: LHB Ryan Flynn Jr. 0-0: Called Strike
0-1: Ball
1-1: Foul Ball, location: 2F
1-2: Ball
2-2: Ball
3-2: Ground out 4-3 (Groundball, 4M, EV 81.9 MPH)
Batting: SHB Phil Zacharia 0-0: Called Strike
0-1: Ball
1-1: SINGLE (Line Drive, 4D, EV 103.1 MPH)
Batting: RHB Sébastien Piat 0-0: Called Strike
0-1: Called Strike
0-2: Ball
1-2: Strikes out swinging
Top of the 8th over - 0 runs, 1 hit, 0 errors, 1 left on base; San Diego 5 - Colorado 11
BOTTOM OF THE 8TH
Colorado Rockies batting - Pitching for San Diego Padres : RHP Bryce Cleavinger
Pitching: LHP Yuri Thra
Batting: SHB Chris Blue 0-0: Hit by Pitch
Batting: LHB Robert Watson 0-0: Ball
1-0: Called Strike
1-1: Foul Ball, location: 2F
1-2: Foul Ball, location: 2F
1-2: Fly out, F7 (Flyball, 78D, EV 97.5 MPH)
Batting: RHB Sterling Acosta 0-0: Ball
1-0: Foul Ball, location: 2F
1-1: Called Strike
1-2: Strikes out swinging
Batting: RHB Eduardo Camacho 0-0: Ball
1-0: Foul Ball, location: 2F
1-1: Ball
2-1: Called Strike
2-2: Ground out 6-3 (Groundball, 4M, EV 102.5 MPH)
Bottom of the 8th over - 0 runs, 0 hits, 0 errors, 1 left on base; San Diego 5 - Colorado 11
TOP OF THE 9TH
San Diego Padres batting - Pitching for Colorado Rockies : LHP Randy Rowland
Batting: RHB Rodolfo Rivera 0-0: Ball
1-0: Called Strike
1-1: SINGLE (Groundball, 6MD, EV 105.0 MPH)
Batting: RHB Jorge Severiano 0-0: Ball
1-0: Called Strike
1-1: Swinging Strike
1-2: Ball
2-2: Foul Ball, location: 2F
2-2: Strikes out looking
Pitching: LHP Bill Ogren
Batting: RHB Manny Vergara 0-0: Called Strike
0-1: Foul Ball, location: 2F
0-2: Foul Ball, location: 2F
0-2: Ball
1-2: Foul Ball, location: 2F
1-2: Ball
2-2: DOUBLE (Line Drive, 9LM, EV 106.9 MPH)
Rodolfo Rivera to third
Batting: LHB Aaron LeBlanc 0-0: Foul Ball, location: 2F
0-1: Fly out, F7 (Flyball, 7LD, EV 94.4 MPH)
Runner from 3rd tags up, SCORES, no throw by LF
Batting: RHB Dietmar Warmisch 0-0: Ball
1-0: Ball
2-0: Ball
3-0: Called Strike
3-1: Called Strike
3-2: Foul Ball, location: 2F
3-2: Base on Balls
Batting: SHB Quido van Erp 0-0: Foul Ball, location: 2F
0-1: Foul Ball, location: 2F
0-2: Fly out, F5 (Popup, 5F, EV 80.0 MPH)
Top of the 9th over - 1 run, 2 hits, 0 errors, 2 left on base; San Diego 6 - Colorado 11
Thursday, December 15th , 2022 - OOTP Baseball 23.9 Build 102